 Dungeon Crawl Stone Soup version 0.17-a0-896-g249456b (console) character file.

75 dunyain the Chopper (level 4, 25/33 HPs)
             Began as a Demonspawn Gladiator on May 1, 2015.
             Quit the game on level 2 of the Dungeon.
             The game lasted 00:01:21 (1437 turns).

dunyain the Chopper (Demonspawn Gladiator)          Turns: 1437, Time: 00:01:21

Health: 25/33      AC:  5    Str: 15    XL:     4   Next: 11%
Magic:  4/4        EV: 12    Int: 10    God:
Gold:   103        SH:  0    Dex: 14    Spells: 0 memorised, 3 levels left

rFire  . . .     SeeInvis .     a - +0 war axe
rCold  . . .     Clarity  .     b - +0 leather armour
rNeg   . . .     SustAb   .     (no shield)
rPois  .         Gourm    .     c - +0 helmet
rElec  .         Spirit   .     (no cloak)
rCorr  .         Warding  .     (no gloves)
rMut   .         Stasis   .     (no boots)
MR     .....                    (no amulet)
Stlth  +.........               (no ring)
                                (no ring)

@: mildly poisoned (25 -> 22), drained, not resistant to hostile enchantments,
very unstealthy
A: rugged brown scales 1, demonic guardian 1
a: no special abilities


You were on level 2 of the Dungeon.
You were not hungry.

You visited 1 branch of the dungeon, and saw 2 of its levels.

You collected 103 gold pieces.

Inventory:

Hand weapons
 a - a +0 war axe (weapon)
Missiles
 d - 3 throwing nets (quivered)
Armour
 b - a +0 leather armour (worn)
 c - a +0 helmet (worn)
Scrolls
 h - a scroll of enchant armour {unknown}
 k - a scroll of fog {unknown}
 l - 2 scrolls of remove curse {unknown}
 m - 2 scrolls of identify {unknown}
 q - a scroll of random uselessness {unknown}
 r - a scroll of teleportation {unknown}
Potions
 g - a potion of curing {unknown}
 i - a potion of lignification {unknown}
 o - a potion of flight {unknown}
 p - a potion of mutation {unknown}
Comestibles
 e - a bread ration
 n - 4 chunks of flesh


   Skills:
 - Level 2.0(1.7) Fighting
 + Level 4.5(4.2) Axes
 - Level 1.7(1.4) Throwing
 - Level 2.6(2.3) Dodging


You had 3 spell levels left.
You didn't know any spells.

Dungeon Overview and Level Annotations

Branches:
Dungeon (2/15)

Altars:


Innate Abilities, Weirdness & Mutations

You are partially covered in rugged brown scales (AC +1, +3% HP).
A weak demonic guardian rushes to your aid.


Message History

Found a stone staircase leading down.
You closely miss the adder. The adder bites you but does no damage.
The adder bites you but does no damage.
You hit the adder.
The adder is heavily wounded.
The adder bites you but does no damage. The adder bites you.
You hit the adder.
The adder is heavily wounded.
The adder bites you but does no damage. The adder bites you.
You are poisoned.
The adder poisons you!
You closely miss the adder.
The adder is heavily wounded.
You feel sick. The adder bites you but does no damage.
You slash the adder!
You kill the adder!
You have reached level 4!
You feel clever.
Your demonic ancestry asserts itself...
You feel the presence of a demonic guardian.
Are you sure you want to abandon this character and quit the game? (Confirm with "yes".)

####### #.......
#.......# #.......#
#.......# ##### #.$.....#
.......###.......##
>.......@......>..+
.#...#.###....##### # #
#.###.......###+##
#.#.....#+#...##...#
.#.#.......#.#...##...###
.............+...+.......
....##.#.....#...##[.†.#
. #.#.)...........# #
##.##########.#


There were no monsters in sight!

Vanquished Creatures
  4 adders
  2 giant geckos (D:2)
  A ball python (D:1)
  4 giant cockroaches (D:1)
  A hobgoblin (D:2)
  3 jackals (D:1)
  8 kobolds
  6 bats
  A giant newt (D:1)
  3 goblins (D:1)
  3 rats
36 creatures vanquished.

Notes
Turn   | Place    | Note
--------------------------------------------------------------
     0 | D:1      | dunyain, the Demonspawn Gladiator, began the quest for the Orb.
     0 | D:1      | Reached XP level 1. HP: 16/16 MP: 1/1
    67 | D:1      | Reached skill level 3 in Axes
   291 | D:1      | Gained mutation: You are partially covered in rugged brown scales (AC +1, +3% HP). [demonic ancestry]
   291 | D:1      | Reached XP level 2. HP: 16/22 MP: 2/2
   921 | D:1      | Reached XP level 3. HP: 20/27 MP: 3/3
  1173 | D:2      | Reached skill level 4 in Axes
  1436 | D:2      | Gained mutation: A weak demonic guardian rushes to your aid. [demonic ancestry]
  1436 | D:2      | Reached XP level 4. HP: 25/33 MP: 4/4
  1437 | D:2      | Quit the game

Action                   |  1- 3 |  4- 6 || total
-------------------------+-------+-------++-------
Melee: War axe           |   124 |       ||   124
Throw: Throwing net      |     1 |       ||     1
  Eat: Chunk             |     2 |       ||     2
